 Dungeon Crawl Stone Soup version 0.28-a0-533-g9f97627e2a (webtiles) character file.

Game seed: 8257646345874628248

137202 tatocazan the Tortoise (level 16, 0/129 HPs)
             Began as a Demonspawn Fighter on Sept 25, 2021.
             Was a Priest of Uskayaw.
             Slain by a wolf spider (10 damage)
             ... on level 3 of the Spider Nest.
             The game lasted 00:38:09 (32560 turns).

tatocazan the Tortoise (Demonspawn Fighter)        Turns: 32560, Time: 00:38:10

Health: 0/129      AC: 12    Str: 30    XL:     16   Next: 68%
Magic:  24/24      EV: 18    Int: 11    God:    Uskayaw [***...]
Gold:   2512       SH: 21    Dex: 13    Spells: 15/15 levels left

rFire   . . .      SeeInvis .   r - +2 broad axe (flame)
rCold   + . .      Faith    +   B - +3 kite shield {rC+}
rNeg    + . .      Spirit   .   c - +8 crystal plate armour of Life {rElec rN+ Str+2}
rPois   +          Reflect  .   (helmet unavailable)
rElec   +          Harm     .   L - +2 cloak {rPois}
rCorr   .          Rampage  +   m - +0 pair of gloves
Will    +....                   F - +2 pair of boots {rampage}
Stlth   ..........              o - amulet of faith
HPRegen 0.31/turn               u - +4 ring of evasion
MPRegen 0.19/turn               w - +6 ring of strength

@: agile, corroded
A: horns 3, large bone plates 2, ignite blood 1, powered by pain 3
a: Renounce Religion, Stomp, Line Pass


You were on level 3 of the Spider Nest.
You worshipped Uskayaw.
Uskayaw was aware of your devotion.
You visited 5 branches of the dungeon, and saw 27 of its levels.
You also visited: Bailey and Ice Cave.

You collected 3596 gold pieces.
You spent 1084 gold pieces at shops.

Inventory:

Hand Weapons
 r - a +2 broad axe of flaming (weapon)
Missiles
 z - 6 javelins (quivered)
 I - 2 throwing nets
Armour
 c - the +8 crystal plate armour of Life (worn) {rElec rN+ Str+2}
   (You found it in a bailey)

   Str:       It affects your strength (+2).
   rElec:     It insulates you from electricity.
   rN:        It protects you from negative energy.
 m - a +0 pair of gloves (worn)
 s - a +1 hat
 B - a +3 kite shield of cold resistance (worn)
 F - a +2 pair of boots of rampaging (worn)
 L - a +2 cloak of poison resistance (worn)
 T - a scarf of resistance
Jewellery
 g - a ring of positive energy
 o - an amulet of faith (around neck)
 u - a +4 ring of evasion (left hand)
 w - a +6 ring of strength (right hand)
 A - an amulet of magic regeneration
 G - a ring of protection from cold
 O - a ring of protection from cold
 U - a ring of ice
 V - a ring of ice
Wands
 a - a wand of acid (8)
 b - a wand of digging (9)
 k - a wand of flame (69)
 v - a wand of iceblast (45)
 J - a wand of charming (24)
 K - a wand of paralysis (6)
Scrolls
 d - 3 scrolls of summoning
 e - 16 scrolls of identify
 f - a scroll of immolation
 i - 4 scrolls of teleportation
 l - 3 scrolls of noise
 x - 8 scrolls of magic mapping
 y - 2 scrolls of fog
 M - 2 scrolls of amnesia
 N - 2 scrolls of brand weapon
Potions
 h - 3 potions of brilliance
 j - a potion of magic
 n - 3 potions of resistance
 p - 3 potions of curing
 q - 5 potions of attraction
 t - a potion of might
 C - 3 potions of ambrosia
 D - 2 potions of lignification
 H - a potion of flight
 P - 7 potions of haste
 S - a potion of mutation
 W - a potion of invisibility
Miscellaneous
 R - a box of beasts


   Skills:
 + Level 12.8 Fighting
 * Level 14.8 Axes
 * Level 15.0 Armour
 + Level 7.8 Dodging
 + Level 11.9 Shields
 + Level 11.2 Invocations


You had 15 spell levels left.
You didn't know any spells.
Your spell library contained the following spells:

 Spells                   Type           Power      Damage    Failure   Level
 Magic Dart               Conj           0%         1d3       100%        1
 Shock                    Conj/Air       0%         1d3       100%        1
 Call Imp                 Summ           0%         N/A       100%        2
 Corpse Rot               Necr/Air       N/A        N/A       100%        2
 Poisonous Vapours        Pois/Air       0%         N/A       100%        2
 Searing Ray              Conj           0%         2d4       100%        2
 Slow                     Hex            0%         N/A       100%        2
 Confusing Touch          Hex            0%         N/A       100%        3
 Dazzling Flash           Conj/Hex       0%         N/A       100%        3
 Frozen Ramparts          Ice            0%         1d2       100%        3
 Gell's Gravitas          Tloc           0%         N/A       100%        3
 Lesser Beckoning         Tloc           0%         N/A       100%        3
 Mephitic Cloud           Conj/Pois/Air  0%         N/A       100%        3
 Ozocubu's Armour         Ice            0%         N/A       100%        3
 Portal Projectile        Hex/Tloc       0%         N/A       100%        3
 Stone Arrow              Conj/Erth      0%         3d7       100%        3
 Swiftness                Air            0%         N/A       100%        3
 Teleport Other           Tloc           0%         N/A       100%        3
 Airstrike                Air            0%         N/A       100%        4
 Animate Armour           Summ/Erth      0%         N/A       100%        4
 Fulminant Prism          Conj/Hex       0%         3d6       100%        4
 Ice Form                 Ice/Tmut       0%         N/A       100%        4
 Iskenderun's Mystic Bla  Conj/Tloc      0%         2d3       100%        4
 Passage of Golubria      Tloc           N/A        N/A       100%        4
 Summon Ice Beast         Ice/Summ       0%         N/A       100%        4
 Alistair's Intoxication  Tmut/Pois      0%         N/A       100%        5
 Blade Hands              Tmut           0%         N/A       100%        5
 Borgnjor's Vile Clutch   Necr/Erth      0%         N/A       100%        5
 Excruciating Wounds      Necr           0%         N/A       100%        5
 Silence                  Hex/Air        0%         N/A       100%        5
 Yara's Violent Unravell  Hex/Tmut       0%         3d3       100%        5
 Eringya's Noxious Bog    Tmut/Pois      0%         N/A       100%        6
 Iron Shot                Conj/Erth      0%         9d1       100%        6
 Starburst                Conj/Fire      0%         6d3       100%        6
 Ozocubu's Refrigeration  Ice            0%         4d5       100%        7
 Lehudib's Crystal Spear  Conj/Erth      0%         10d2      100%        8


Dungeon Overview and Level Annotations

Branches:
Dungeon (15/15)            Temple (1/1) D:4            Lair (6/6) D:10
 Shoals (0/4) Lair:3       Spider (3/4) Lair:3        Slime (0/5) Lair:5
    Orc (2/2) D:11            Elf (0/3) Orc:2        Vaults (0/5) D:13
 Depths (0/4) D:15         Bailey (visited)           IceCv (visited)

Altars:
Ashenzari
Dithmenos
Fedhas
Gozag
Hepliaklqana
Kikubaaqudgha
Makhleb
Nemelex Xobeh
Okawaru
Ru
Sif Muna
Trog
Uskayaw
Vehumet
Wu Jian
Xom
Yredelemnul
Zin
The Shining One
Jiyva

Shops:
D:6 :   D:9 *   Orc:2 *:?(*

Portals:
Abyss: Lair:6
Pandemonium: Orc:2

Annotations:
D:4 3 runed translucent doors, EmilyW's ghost, amateur MiFi
D:14 1 runed translucent door, barkas's ghost, journeyman NaVM
Lair:2 exclusion: oklob plant
Lair:5 3 runed translucent doors, Buqosi's ghost, journeyman BaIE
Lair:6 2 transporters, jasper's ghost, journeyman DsCj
Spider:3 Mara


Innate Abilities, Weirdness & Mutations

You have a pair of large horns on your head.
You are mostly covered in large bone plates. (SH +6)
Your demonic aura sometimes causes spilled blood to erupt in flames.
You are powered by pain.


Message History

A redback comes into view.
You block the redback's attack.
The redback bites you but does no damage.
You hit the redback but do no damage. Your headbutt misses the redback.
You block the redback's attack.
You barely miss the wolf spider. You block the wolf spider's attack.
The wolf spider closely misses you.
You closely miss the wolf spider.
You headbutt the wolf spider, but do no damage.
You block the wolf spider's attack. The wolf spider barely misses you.
You hit the wolf spider but do no damage.
Your headbutt misses the wolf spider. The wolf spider closely misses you.
You block the wolf spider's attack.
A redback comes into view.
You hit the wolf spider. You burn the wolf spider.
The wolf spider is lightly wounded.
The wolf spider barely misses you. The wolf spider closely misses you.
The wolf spider hits you but does no damage.
The wolf spider bites you but does no damage.
Uskayaw will force your foes to helplessly watch your dance.
You hit the wolf spider but do no damage.
You headbutt the wolf spider!
The wolf spider is moderately wounded.
The wolf spider barely misses you. You block the wolf spider's attack.
You barely miss the wolf spider.
The wolf spider is moderately wounded.
You block the wolf spider's attack.
The wolf spider bites you but does no damage.
The wolf spider closely misses you. You block the wolf spider's attack.
You closely miss the wolf spider.
The wolf spider is moderately wounded.
The wolf spider hits you!
* * * LOW HITPOINT WARNING * * *
The wolf spider closely misses you.
You take 9 damage, and have 9/129 hp.
You hit the wolf spider but do no damage.
You headbutt the wolf spider, but do no damage.
The wolf spider is moderately wounded.
The wolf spider hits you!
You die...

##..### )# #.^...# ####
#.. ^.....#####..# ##..
..^#...##....###..###
..##....#..#..##^.#^##
.#####>...##...#ss...##
## #...###..##ss.s.^#
##### ##..#s###^.#
#..#@# #..#.###
##...#.## #.......##
##....#..###
###.###...## #.# ##..^#
### #.>## #..#


You could see a wolf spider and 4 redbacks.

Vanquished Creatures
  Gastronok (Lair:1)
  A fire giant (D:15)
  Aizul (Spider:2)
  An emperor scorpion (Spider:1)
  An orc warlord (Orc:1)
  A reaper (IceCv)
  An entropy weaver (Spider:3)
  9 hydras
  A vault guard (D:13)
  The ghost of Esoa the Hand of Shadow, a journeyman DsMo of Dithmenos (Lair:3)
  3 boulder beetles
  Harold (Lair:2)
  5 centaur warriors
  4 two-headed ogres
  A death knight (D:14)
  5 orc high priests
  6 death yaks (Lair:4)
  2 tengu warriors
  Urug (Lair:1)
  2 soul eaters
  Sonja (D:10)
  5 skeletal warriors (D:13)
  An infernal demonspawn (Orc:2)
  2 gelid demonspawn (Orc:2)
  6 orc knights
  17 wolf spiders
  2 deep elf pyromancers
  4 orb spiders
  10 orc sorcerers
  19 ugly things
  5 manticores
  32 elephants
  7 cyclopes
  2 ice statues (IceCv)
  A rust devil (Orc:2)
  4 black mambas
  Maurice (D:9)
  A gargoyle (D:14)
  2 torpor snails
  8 cane toads
  Maggie (D:10)
  A freezing wraith (IceCv)
  9 rime drakes
  A kobold demonologist (D:12)
  An efreet (D:13)
  18 komodo dragons
  A hellwing (Orc:2)
  6 ice devils
  6 demonic crawlers
  3 tengu conjurers
  An entropy weaver simulacrum (IceCv)
  6 trolls
  16 jumping spiders
  4 polar bears
  8 hornets
  5 slime creatures
  3 meliai (D:15)
  A hornet (shapeshifter) (D:13)
  2 dream sheep
  18 blink frogs
  2 shadows
  15 spriggans (Lair:6)
  5 wyverns
  35 redbacks
  39 yaks
  11 tarantellas
  A dire elephant simulacrum (IceCv)
  2 water elementals (D:14)
  A vampire (D:11)
  2 wraiths (D:12)
  A steam dragon (Lair:5)
  5 basilisks
  A death yak simulacrum (IceCv)
  A vampire mosquito (D:13)
  2 wargs (Orc:2)
  10 water moccasins
  A floating eye (shapeshifter) (D:14)
  41 orc warriors
  A swamp drake (D:10)
  A necrophage (D:11)
  20 wolves (Lair:6)
  7 ogres
  6 black bears
  4 boggarts (Lair:6)
  15 centaurs
  2 phantoms (D:5)
  13 kobold brigands
  14 bullfrogs
  A gnoll sergeant (D:11)
  A cane toad simulacrum (IceCv)
  7 scorpions
  A water moccasin zombie (D:7)
  A water moccasin skeleton (D:5)
  5 killer bees (D:10)
  3 elephant simulacra (IceCv)
  5 wights
  11 howler monkeys
  5 electric eels
  3 centaur zombies
  A hound (D:5)
  A jelly (D:6)
  A gnoll shaman (D:9)
  29 orc priests
  A centaur skeleton (D:7)
  4 iguanas
  19 orc wizards
  A polar bear simulacrum (IceCv)
  6 hell rats (Lair:5)
  A killer bee zombie (D:7)
  A troll simulacrum (IceCv)
  3 spriggan simulacra (IceCv)
  A wolf simulacrum (IceCv)
  A hound skeleton (D:4)
  2 mummies (D:11)
  A howler monkey zombie (D:9)
  23 gnolls
  2 howler monkey skeletons (D:6)
  5 adders
  A naga simulacrum (IceCv)
  A shadow imp (D:7)
  16 white imps
  5 ufetubi (IceCv)
  4 worms
  4 dart slugs
  66 orcs
  14 bats
  7 endoplasms
  9 giant cockroaches
  15 goblins
  12 hobgoblins
  6 quokkas
  6 ball pythons
  3 frilled lizards
  38 kobolds
  10 rats
910 creatures vanquished.

Vanquished Creatures (others)
  An orc warrior (D:15)
  21 fungi
  96 plants
118 creatures vanquished.

Grand Total: 1028 creatures vanquished

Notes
Turn   | Place    | Note
-------+----------+-------------------------------------------
     0 | D:1      | tatocazan the Demonspawn Fighter began the quest for the
                  | Orb.
     0 | D:1      | Reached XP level 1. HP: 18/18 MP: 1/1
   268 | D:1      | Gained mutation: You are partially covered in large bone
                  | plates. (SH +4) [demonic ancestry]
   268 | D:1      | Reached XP level 2. HP: 24/24 MP: 2/2
   541 | D:1      | Reached skill level 3 in Armour
   596 | D:1      | Gained mutation: You sometimes gain a little power by
                  | taking damage. [demonic ancestry]
   596 | D:1      | Reached XP level 3. HP: 29/29 MP: 3/3
  2064 | D:2      | Found an ornate altar of the Wu Jian Council.
  2077 | D:2      | Reached XP level 4. HP: 35/35 MP: 4/4
  3130 | D:3      | Found a faded altar of an unknown god.
  3340 | D:3      | Gained mutation: You have a pair of small horns on your
                  | head. [demonic ancestry]
  3340 | D:3      | Reached XP level 5. HP: 40/42 MP: 5/5
  4013 | D:4      | Found a staircase to the Ecumenical Temple.
  4025 | Temple   | Entered the Ecumenical Temple
  4128 | Temple   | Became a worshipper of Uskayaw the Reveller
  4169 | D:4      | Reached * piety under Uskayaw
  4547 | Temple   | Reached ** piety under Uskayaw
  4691 | D:4      | Found a runed translucent gate.
  4691 | D:4      | Found a runed translucent gate.
  4691 | D:4      | Found a runed translucent gate.
  4691 | D:4      | Noticed EmilyW's ghost (amateur MiFi)
  4800 | D:4      | Reached *** piety under Uskayaw
  4802 | D:4      | Gained mutation: You have a pair of horns on your head.
                  | [demonic ancestry]
  4802 | D:4      | Reached XP level 6. HP: 34/48 MP: 6/6
  5140 | D:5      | Entered Level 5 of the Dungeon
  5149 | D:4      | Reached skill level 4 in Armour
  5451 | D:5      | Gained mutation: Your demonic aura sometimes causes spilled
                  | blood to erupt in flames. [demonic ancestry]
  5451 | D:5      | Reached XP level 7. HP: 46/55 MP: 7/7
  5572 | D:5      | Reached **** piety under Uskayaw
  5846 | D:5      | Reached skill level 5 in Fighting
  6388 | D:6      | Found a shimmering blue altar of Sif Muna.
  6454 | D:6      | Reached skill level 5 in Shields
  6578 | D:6      | Noticed a troll
  6583 | D:6      | Killed a troll
  6584 | D:6      | Reached skill level 5 in Armour
  6584 | D:6      | Reached XP level 8. HP: 29/64 MP: 8/8
  6995 | D:6      | Noticed a five-headed hydra
  7000 | D:6      | Killed a two-headed hydra
  7001 | D:6      | Reached skill level 5 in Axes
  7169 | D:6      | Reached skill level 6 in Armour
  7169 | D:6      | Reached XP level 9. HP: 7/71 MP: 9/9
  7581 | D:6      | Noticed a manticore
  7594 | D:6      | Killed a manticore
  8302 | D:6      | Found Kenumasa's Book Shop.
 10069 | D:8      | Noticed a two-headed ogre
 10079 | D:8      | Killed a two-headed ogre
 10080 | D:8      | Reached skill level 7 in Armour
 10097 | D:8      | Found a flagged portal.
 10107 | Bailey   | Entered a bailey
 10178 | Bailey   | Gained mutation: You sometimes gain power by taking damage.
                  | [demonic ancestry]
 10178 | Bailey   | Reached XP level 10. HP: 57/80 MP: 10/10
 10181 | Bailey   | Identified the +8 crystal plate armour of Life {rElec rN+
                  | Str+2}
 10382 | Bailey   | Found an iron altar of Okawaru.
 11342 | D:9      | Noticed Maurice
 11346 | D:9      | Reached ***** piety under Uskayaw
 11416 | D:9      | Found Wot Jelak's Assorted Antiques.
 11469 | D:9      | Killed Maurice
 11470 | D:9      | Reached skill level 8 in Armour
 11999 | D:10     | Entered Level 10 of the Dungeon
 12017 | D:10     | Noticed Sonja
 12021 | D:10     | Killed Sonja
 12300 | D:10     | Noticed Maggie
 12302 | D:10     | Noticed a cyclops
 12313 | D:10     | Killed Maggie
 12319 | D:10     | Killed a cyclops
 12643 | D:10     | Gained mutation: You are powered by pain. [demonic
                  | ancestry]
 12643 | D:10     | Reached XP level 11. HP: 80/87 MP: 11/11
 12707 | D:10     | Noticed a two-headed ogre
 12714 | D:10     | Killed a two-headed ogre
 13127 | D:10     | Reached skill level 9 in Armour
 13189 | D:10     | Found a staircase to the Lair.
 13453 | Lair:1   | Entered Level 1 of the Lair of Beasts
 13472 | Lair:1   | Noticed Gastronok
 13494 | Lair:1   | Killed Gastronok
 13752 | Lair:1   | Reached skill level 10 in Armour
 13982 | Lair:1   | Noticed Urug
 14013 | Lair:1   | Killed Urug
 14363 | Lair:2   | Noticed an oklob plant
 14483 | Lair:2   | Gained mutation: You have a pair of large horns on your
                  | head. [demonic ancestry]
 14483 | Lair:2   | Reached XP level 12. HP: 93/96 MP: 12/12
 14488 | Lair:2   | Reached skill level 10 in Axes
 14490 | Lair:2   | Reached skill level 1 in Invocations
 14575 | Lair:2   | Reached skill level 1 in Dodging
 14868 | Lair:2   | Noticed Harold
 14880 | Lair:2   | Killed Harold
 14949 | Lair:2   | Found a shadowy altar of Dithmenos.
 15395 | Lair:3   | Noticed a seven-headed hydra
 15411 | Lair:3   | Reached ****** piety under Uskayaw
 15412 | Lair:3   | Killed a one-headed hydra
 15413 | Lair:3   | Reached skill level 10 in Fighting
 15538 | Lair:3   | Found a staircase to the Shoals.
 15663 | Lair:3   | Noticed Esoa's ghost (journeyman DsMo)
 15664 | Lair:3   | Found a transporter.
 15703 | Lair:3   | Found a transporter.
 15914 | Lair:3   | Noticed a seven-headed hydra
 15917 | Lair:3   | Found a hole to the Spider Nest.
 15920 | Lair:3   | Killed a five-headed hydra
 15921 | Lair:3   | Reached skill level 11 in Armour
 16380 | Lair:3   | Killed Esoa's ghost
 16709 | Lair:4   | Noticed a five-headed hydra
 16716 | Lair:4   | Killed a two-headed hydra
 16773 | Lair:4   | Noticed a death yak
 16776 | Lair:4   | Noticed a death yak
 16776 | Lair:4   | Noticed a death yak
 16780 | Lair:4   | Noticed a death yak
 16780 | Lair:4   | Noticed a death yak
 16783 | Lair:4   | Killed a death yak
 16798 | Lair:4   | Killed a death yak
 16799 | Lair:4   | Reached XP level 13. HP: 100/103 MP: 16/16
 16840 | Lair:4   | Reached skill level 5 in Invocations
 18110 | Lair:5   | Found a runed translucent gate.
 18110 | Lair:5   | Found a runed translucent gate.
 18110 | Lair:5   | Found a runed translucent gate.
 18268 | Lair:5   | Reached skill level 12 in Armour
 18288 | Lair:5   | Reached skill level 10 in Shields
 18866 | Lair:5   | Found a viscous altar of Jiyva.
 18867 | Lair:5   | Found a staircase to the Slime Pits.
 19153 | Lair:5   | Found a viscous altar of Jiyva.
 19153 | Lair:5   | Noticed Buqosi's ghost (journeyman BaIE)
 19154 | Lair:5   | Noticed a quicksilver ooze
 19176 | Lair:6   | Entered Level 6 of the Lair of Beasts
 19203 | Lair:6   | Reached XP level 14. HP: 111/111 MP: 19/19
 19251 | Lair:6   | Found a transporter.
 19358 | Lair:6   | Found a one-way gate to the infinite horrors of the Abyss.
 19358 | Lair:6   | Noticed jasper's ghost (journeyman DsCj)
 19484 | Lair:6   | Reached skill level 5 in Dodging
 19508 | Lair:6   | Noticed a tentacled starspawn
 19714 | Lair:6   | Found a transporter.
 19787 | Lair:6   | Found a frozen archway.
 19845 | IceCv    | Entered an ice cave
 20513 | IceCv    | Noticed a reaper
 20537 | IceCv    | Killed a reaper
 21302 | Lair:6   | Reached skill level 13 in Armour
 22349 | D:11     | Found a staircase to the Orcish Mines.
 22366 | Orc:1    | Entered Level 1 of the Orcish Mines
 22550 | Orc:2    | Entered Level 2 of the Orcish Mines
 22742 | Orc:2    | Found Jecw's Magic Scroll Shoppe.
 22743 | Orc:2    | Found Ficulul's General Store.
 23447 | Orc:2    | Found Maef's General Store.
 23935 | Orc:2    | Bought a scroll of acquirement for 936 gold pieces
 23935 | Orc:2    | Acquired 775 gold pieces
 24132 | Orc:2    | Found a staircase to the Elven Halls.
 24237 | Orc:2    | Gained mutation: You are mostly covered in large bone
                  | plates. (SH +6) [demonic ancestry]
 24237 | Orc:2    | Reached XP level 15. HP: 91/120 MP: 21/21
 24286 | Orc:2    | Paralysed by an orc sorcerer for 7 turns
 25090 | Orc:2    | Found Tyhusonles's Antique Weapon Boutique.
 25090 | Orc:2    | Found Gyiliezadd's Book Shop.
 25091 | Orc:2    | Found a one-way gate leading to the halls of Pandemonium.
 25424 | Orc:1    | Noticed an orc warlord
 25436 | Orc:1    | Killed an orc warlord
 27059 | D:13     | Reached skill level 14 in Armour
 27066 | D:13     | Found a gate to the Vaults.
 27728 | D:14     | Reached skill level 10 in Invocations
 27774 | D:14     | Found a runed translucent door.
 27774 | D:14     | Noticed barkas's ghost (journeyman NaVM)
 28479 | D:14     | Paralysed by a floating eye for 3 turns
 28820 | D:14     | Found a broken altar of Ashenzari.
 28912 | D:14     | Found a shadowy altar of Dithmenos.
 29053 | D:15     | Entered Level 15 of the Dungeon
 29058 | D:15     | Reached XP level 16. HP: 121/128 MP: 23/23
 29407 | D:15     | Found a sparkling altar of Nemelex Xobeh.
 29434 | D:15     | Found a staircase to the Depths.
 30595 | Spider:1 | Entered Level 1 of the Spider Nest
 31193 | Orc:2    | Bought a +1 cloak of poison resistance for 148 gold pieces
 32010 | Spider:2 | Noticed Aizul
 32024 | Spider:2 | Killed Aizul
 32117 | Spider:2 | Reached skill level 15 in Armour
 32533 | Spider:3 | HP: 1/129 [redback (6)]
 32542 | Spider:3 | Noticed Mara
 32560 | Spider:3 | Slain by a wolf spider

Illustrated notes

Levels and vault maps discovered:
D:1:      mrwooster_arrival_statue_3, layout_basic, minmay_cut_off
D:2:      layout_loops_corners, serial_forest, infiniplex_forest_3_way,
          infiniplex_forest_end_double, infiniplex_forest_end_2,
          infiniplex_forest_lined_corner, infiniplex_forest_lined_room_2,
          infiniplex_forest_lined_2, infiniplex_forest_straight_2,
          infiniplex_forest_straight_3, basic_altar,
          minmay_misc_feat_secret_circle
D:3:      layout_basic, chequers_ecumenical_altar_simple,
          corexii_leaking_fountain, chequers_big_river, serial_bayou_lake_a
D:4:      layout_cave_pools, minmay_temple_entry_gardened_gates,
          ebering_ghost_rock_garden
D:5:      layout_loops_ring
D:6:      layout_layer_cave, nicolae_sif_muna_condensation, serial_shops,
          nicolae_inconvenience_store, chequers_serial_rivers_micro_e,
          chequers_jeans, kb_rosetta
D:7:      layout_loops_ring
D:8:      layout_rooms, enter_bailey_3
D:9:      layout_rooms, serial_shops, nicolae_shop_overgrown_old_shop,
          minmay_unpleasant_kobolds, uniq_maurice
D:10:     layout_irregular_city, erik_lair_dragon, uniq_sonja, uniq_maggie
D:11:     layout_loops_corners, kennysheep_orc_monster_closet_entryway,
          serial_undead, serial_undead_f, serial_undead_d, serial_undead_f,
          serial_undead_c
D:12:     layout_basic
D:13:     layout_cave_pools, david_vaults_5
D:14:     layout_basic, nicolae_ashenzari_skybound,
          hellmonk_ghost_happy_afterlife,
          nicolae_dithmenos_through_a_glass_darkly
D:15:     grunt_enter_depths_giant_problem, layout_basic, nemelex_altar_shiori
Temple:   kilobyte_greek_temple
Lair:1:   layout_concentric_octagons, uniq_gastronok, uniq_urug
Lair:2:   layout_long_grid, lemuel_oklob_altar, uniq_harold
Lair:3:   layout_chaotic_city, minmay_shoals_entry_centaurs,
          nicolae_spider_entry_non_spiders, gammafunk_ghost_arena
Lair:4:   layout_roguey
Lair:5:   layout_gridlike, slime_altar_1, special_room
          [special_room_mythical_zoo], gammafunk_ghost_ooze, roderic_batcave,
          grunt_forest_small_clearing_treed
Lair:6:   minmay_lair_end_enchanted_forest, layout_cellular_growth,
          portal_ice_cave_entry_imps, gammafunk_ghost_abyssal_escape,
          serial_bayou, serial_bayou_crossing, serial_bayou_shore_a,
          serial_bayou_ford_a, serial_bayou_pond_d, serial_bayou_shore_b,
          wad_woods_02
Spider:1: layout_spider_delve
Spider:2: layout_spider_delve, uniq_aizul
Spider:3: cheibrodos_spider_silkery, nicolae_spider_bzzzt, uniq_mara,
          uniq_arachne
Orc:1:    layout_caves, mines2_lemuel
Orc:2:    pf_orc_diabolical, layout_diamond_mine, serial_shops,
          nicolae_shop_statue_plus

Skill      XL: |  1  2  3  4  5  6  7  8  9 10 11 12 13 14 15 16 |
---------------+-------------------------------------------------+-----
Axes           | 2 3 4 5 6 8 9 11 12 13 14 | 14.8
Shields        | 3 4 5 6 7 8 9 10 11 | 11.9
Armour         | 3 4 5 6 7 8 10 11 12 13 14 15 | 15.0
Fighting       | 4 5 6 7 8 9 10 11 12 | 12.8
Invocations    | 4 6 8 10 11 | 11.2
Dodging        | 3 4 6 7 |  7.8

Action                   |  1- 3 |  4- 6 |  7- 9 | 10-12 | 13-15 | 16-18 || total
-------------------------+-------+-------+-------+-------+-------+-------++-------
Melee: Hand axe          |   127 |   162 |   245 |   510 |   938 |       ||  1982
       War axe           |     6 |       |       |       |       |       ||     6
       Headbutt          |       |    16 |    45 |   135 |   386 |    83 ||   665
       Broad axe         |       |       |       |       |   368 |   306 ||   674
Throw: Javelin           |       |       |       |       |     4 |       ||     4
Evoke: Wand              |       |       |       |     4 |     1 |     1 ||     6
       Box of beasts     |       |       |       |       |     1 |       ||     1
  Use: Potion            |       |     4 |     4 |     1 |     5 |     3 ||    17
       Scroll            |       |       |     2 |    14 |     9 |     9 ||    34
 Stab: Paralysed         |       |     1 |    11 |    53 |   221 |    68 ||   354
       Distracted        |       |       |       |     1 |       |       ||     1
       Confused          |       |       |       |     1 |       |       ||     1
       Petrifying        |       |       |       |       |     4 |       ||     4
       Petrified         |       |       |       |       |     2 |       ||     2
Armor: Scale mail        |    43 |    50 |       |       |       |       ||    93
       Chain mail        |       |     1 |   125 |       |       |       ||   126
       Crystal plate arm |       |       |       |   278 |   530 |   177 ||   985
Dodge: Dodged            |    46 |    32 |    59 |    89 |   307 |   145 ||   678
Block: Buckler           |    58 |    62 |   100 |       |       |       ||   220
       Kite shield       |       |       |    28 |   360 |   947 |   357 ||  1692

Table legend: (Time is in decaauts)
 A = Elapsed time spent in this place.
 B = Non-inter-level travel time spent in this place.
 C = Inter-level travel time spent in this place.
 D = Time resting spent in this place.
 E = Time spent auto-exploring this place.
 F = Levels seen in this place.
 G = Mean time per level.
                   A        B        C        D        E       F      G
               +--------+--------+--------+--------+--------+-----+--------+
         Total |  32520 |  30863 |   1657 |   7423 |  18485 |  29 | 1121.4 |
       Dungeon |  18239 |  17312 |    927 |   3892 |  11042 |  15 | 1215.9 |
        Temple |    441 |    408 |     33 |    286 |     95 |   1 |  441.0 |
          Lair |   7701 |   7236 |    465 |   1071 |   4929 |   6 | 1283.5 |
   Spider Nest |   1174 |   1149 |     25 |      0 |    809 |   3 |  391.3 |
  Orcish Mines |   3375 |   3169 |    206 |   1251 |   1288 |   2 | 1687.5 |
        Bailey |    461 |    461 |      0 |    304 |     52 |   1 |  461.0 |
      Ice Cave |   1126 |   1126 |      0 |    619 |    269 |   1 | 1126.0 |
               +--------+--------+--------+--------+--------+-----+--------+

Top non-repeatable levels by time:
     D:6: 2443 daAuts
   Orc:2: 1896 daAuts
  Lair:3: 1815 daAuts
    D:10: 1808 daAuts
     D:2: 1773 daAuts
   Orc:1: 1478 daAuts
  Lair:4: 1390 daAuts
  Lair:6: 1387 daAuts
    D:15: 1312 daAuts
     D:3: 1259 daAuts
    D:13: 1210 daAuts
     D:7: 1198 daAuts
   IceCv: 1126 daAuts
  Lair:5: 1075 daAuts
     D:5: 1065 daAuts
